 Dungeon Crawl Stone Soup version 0.20.1-1-g8b1a95d (webtiles) character file.

295 ReignOfFire the Slasher (level 6, 0/47 HPs)
             Began as a Demonspawn Gladiator on July 26, 2017.
             Slain by an orc warrior
             ... wielding a +0 short sword
              (14 damage)
             ... on level 3 of the Dungeon.
             The game lasted 00:05:40 (2296 turns).

ReignOfFire the Slasher (Demonspawn Gladiator)      Turns: 2296, Time: 00:05:41

Health: 0/47       AC:  8    Str: 14    XL:     6   Next: 11%
Magic:  6/6        EV: 11    Int:  8    God:
Gold:   128        SH:  6    Dex: 16    Spells: 5/5 levels left

rFire    + . .     SeeInvis .   a - +0 long sword
rCold    . . .     Gourm    .   (no shield)
rNeg     . . .     Faith    .   s - +0 scale mail
rPois    .         Spirit   .   (helmet restricted)
rElec    .         Reflect  .   t - +1 cloak {MR+}
rCorr    .         Harm     .   (no gloves)
MR       +....                  (no boots)
Stlth    ..........             h - amulet of rage
Regen    0.2/turn               (no ring)
MPRegen  0.1/turn               (no ring)

@: no status effects
A: beak, hooves 1, large bone plates 2, dopey 1, fire resistance 1, powered by
death 1
a: Evoke Berserk Rage


You were on level 3 of the Dungeon.
You were hungry.

You visited 1 branch of the dungeon, and saw 4 of its levels.

You collected 128 gold pieces.

Inventory:

Hand Weapons
 a - a +0 long sword (weapon)
Armour
 b - a +0 leather armour
 c - a +0 helmet
 s - a +0 scale mail (worn)
 t - a +1 cloak of magic resistance (worn)
Jewellery
 h - an amulet of rage (around neck)
 A - an uncursed amulet of faith {unknown}
Scrolls
 e - 4 scrolls of teleportation {unknown}
 g - a scroll of noise {unknown}
 i - 3 scrolls of magic mapping {unknown}
 j - a scroll of fear {unknown}
 k - 2 scrolls of fog {unknown}
 m - 4 scrolls of identify {unknown}
 o - a scroll of recharging {unknown}
 v - a scroll of blinking {unknown}
 x - 2 scrolls of immolation {unknown}
 y - a scroll of remove curse {unknown}
Potions
 l - a potion of might {unknown}
 n - a potion of mutation
 p - a potion of curing
 r - a potion of haste {unknown}
 u - a potion of agility {unknown}
Books
 B - a book of Cantrips

   Spells                             Type                      Level
   a - Confusing Touch                Hexes                        1
   b - Animate Skeleton               Necromancy                   1
   c - Summon Small Mammal            Summoning                    1
   d - Apportation                    Translocation                1
Comestibles
 f - a bread ration
 q - 4 royal jellies
 w - a meat ration


   Skills:
 + Level 3.0 Fighting
 + Level 4.7 Long Blades
 + Level 1.8 Throwing
 + Level 2.0 Armour
 + Level 3.4 Dodging
 + Level 1.0 Stealth


You had 5 spell levels left.
You didn't know any spells.

Dungeon Overview and Level Annotations

Branches:
Dungeon (4/15)
 Temple: D:4-7

Altars:
Dithmenos
Gozag
Trog
Uskayaw
The Shining One

Shops:
D:4 [*


Innate Abilities, Weirdness & Mutations

You are mostly covered in large bone plates. (SH +6)
You regenerate a little health from kills.
You have a beak for a mouth.
You have large cloven feet.
You are dopey. (Int -2)
Your flesh is heat resistant. (rF+)


Message History

Press: ? - help, Shift-Dir - straight line, f - orc warrior
Aim: an orc warrior, wielding a short sword and wearing a chain mail (moderately wounded)
Okay, then.
Unknown command.
You see here 5 needles of confusion.
Okay, then.
You fail to use your ability.
The orc warrior hits you with a short sword.
* * * LOW HITPOINT WARNING * * *
You see here 5 needles of confusion.
You fail to use your ability.
The orc warrior hits you with a short sword!
* * * LOW HITPOINT WARNING * * *
It was a potion of mutation.
You feel extremely strange.
Your feet thicken and deform.
You feel resistant to heat.
You feel stupid.
Your mouth lengthens and hardens into a beak!
Your +0 helmet falls away!
You block the orc warrior's attack.
It was a potion of curing.
You feel better.
The orc warrior hits you with a short sword!
You die...

...........####.....(..........##
........##......##........#....#.
........#######.#.........#......
###........................##....
###..............(.>.......####..
..#..............#.........# #..
#.#..............#.........# ##.
#.#####..........#.........#####>
#...(...........@o......>......##
#######..........#.............##
#.........[..............##
########..##...............
##................##
#####............##
##...........## #.........####
#.......### #


You could see an orc warrior.

Vanquished Creatures
  Sigmund (D:3)
  Crazy Yiuf (D:2)
  4 adders (D:3)
  An ooze (D:2)
  2 worms
  4 leopard geckos
  An orc (D:3)
  3 ball pythons
  7 bats
  4 giant cockroaches
  3 goblins
  5 hobgoblins
  10 kobolds
  5 frilled lizards
  4 rats
55 creatures vanquished.

Notes
Turn   | Place    | Note
-------+----------+-------------------------------------------
     0 | D:1      | ReignOfFire the Demonspawn Gladiator began the quest for the Orb.
     0 | D:1      | Reached XP level 1. HP: 16/16 MP: 1/1
   278 | D:1      | Reached skill level 3 in Long Blades
   404 | D:1      | Gained mutation: You regenerate a little health from kills. [demonic ancestry]
   404 | D:1      | Reached XP level 2. HP: 17/22 MP: 2/2
   783 | D:2      | Found a shadowy altar of Dithmenos.
   788 | D:2      | Gained mutation: You are partially covered in large bone plates. (SH +4) [demonic ancestry]
   788 | D:2      | Reached XP level 3. HP: 22/27 MP: 3/3
   857 | D:2      | Found a hide-covered altar of Uskayaw.
  1054 | D:2      | Found a runed door.
  1112 | D:2      | Found a bloodstained altar of Trog.
  1245 | D:2      | Noticed Crazy Yiuf
  1252 | D:2      | Killed Crazy Yiuf
  1252 | D:2      | Gained mutation: You are mostly covered in large bone plates. (SH +6) [demonic ancestry]
  1252 | D:2      | Reached XP level 4. HP: 33/33 MP: 4/4
  1335 | D:3      | Noticed Sigmund
  1586 | D:3      | Killed Sigmund
  1586 | D:3      | Reached skill level 4 in Long Blades
  1586 | D:3      | Reached skill level 1 in Armour
  1586 | D:3      | Reached XP level 5. HP: 40/40 MP: 5/5
  1611 | D:3      | Reached skill level 1 in Stealth
  1741 | D:3      | Reached XP level 6. HP: 46/46 MP: 6/6
  1855 | D:3      | Found an opulent altar of Gozag.
  2034 | D:4      | Found Nuuchezxer's Armour Boutique.
  2041 | D:4      | Found Luykocia's Assorted Antiques.
  2072 | D:4      | Found a glowing golden altar of the Shining One.
  2213 | D:4      | Noticed an orc warrior
  2295 | D:3      | Gained mutation: You have large cloven feet. [potion of mutation]
  2295 | D:3      | Gained mutation: Your flesh is heat resistant. (rF+) [potion of mutation]
  2295 | D:3      | Gained mutation: You are dopey. (Int -2) [potion of mutation]
  2295 | D:3      | Gained mutation: You have a beak for a mouth. [potion of mutation]
  2296 | D:3      | Slain by an orc warrior

Skill      XL: |  1  2  3  4  5  6 |
---------------+-------------------+-----
Long Blades    | 3 4 |  4.7
Dodging        | 3 |  3.4
Armour         | 1 2 |  2.0
Stealth        | 1 |  1.0
Fighting       | 3 |  3.0
Throwing       | |  1.8

Action                   |  1- 3 |  4- 6 || total
-------------------------+-------+-------++-------
Melee: Long sword        |   106 |    84 ||   190
Throw: Throwing net      |     1 |     2 ||     3
  Use: Potion            |       |     2 ||     2
 Stab: Held in net/web   |       |     1 ||     1
  Eat: Chunk             |     1 |     3 ||     4
Armor: Leather armour    |    30 |       ||    30
       Scale mail        |     4 |    21 ||    25
Dodge: Dodged            |    90 |    37 ||   127
Block: Other             |     3 |    20 ||    23
       Rpst.: Long sword |    25 |    11 ||    36
